 Dungeon Crawl Stone Soup version 0.31-a0-263-ge8cad7f256 (webtiles) character file.

Game seed: 9640006978040857642

58 qw the Shooter (level 3, -2/29 HPs)
             Began as a Minotaur Hexslinger on July 13, 2023.
             Slain by a kobold
             ... wielding a +0 short sword
              (3 damage)
             ... on level 4 of the Dungeon.
             The game lasted 00:00:28 (1260 turns).

qw the Shooter (Minotaur Hexslinger)                Turns: 1260, Time: 00:00:28

Health: -2/29      AC:  8    Str: 12    XL:     3   Next: 75%
Magic:  3/3        EV: 11    Int: 10    God:
Gold:   81         SH:  0    Dex: 14    Spells: 3/4 levels left

rFire   . . .        Y - +1 sling
rCold   . . .        (no shield)
rNeg    . . .        d - +0 ring mail
rPois   .            (helmet restricted)
rElec   .            j - +2 cloak
rCorr   .            (no gloves)
SInv    .            (no boots)
Will    .....        (no amulet)
Stlth   +            (no ring)
HPRegen 0.24/turn    (no ring)
MPRegen 0.08/turn

%: no passive effects
@: no status effects
A: horns 2, retaliatory headbutt
a: no special abilities


You were on level 4 of the Dungeon.
You visited 1 branch of the dungeon, and saw 3 of its levels.

You collected 81 gold pieces.


Innate Abilities, Weirdness & Mutations

You have a pair of horns on your head.
You reflexively headbutt those who attack you in melee.


   Skills:
 - Level 2.0 Fighting
 + Level 4.1 Ranged Weapons
 - Level 1.1 Armour
 - Level 2.1 Dodging
 - Level 1.0 Spellcasting
 - Level 2.0 Hexes


You had 3 spell levels left.
You knew the following spells:

 Your Spells              Type           Power      Damage    Failure   Level
a - Slow                  Hex            16%        N/A       34%         1

Your spell library contained the following spells:

 Spells                   Type           Power      Damage    Failure   Level
 Inner Flame              Hex/Fire       2%         N/A       83%         3
 Portal Projectile        Hex/Tloc       4%         N/A       83%         3
 Cause Fear               Hex            2%         N/A       98%         4

Inventory:

Hand Weapons
 Y - a +1 sling (weapon)
Armour
 d - a +0 ring mail (worn)
 j - a +2 cloak (worn)
Scrolls
 a - a scroll of identify {unknown}
Potions
 b - a potion of mutation {unknown}
 g - a potion of might {unknown}
 h - a potion of curing
 i - a potion of brilliance {unknown}

Dungeon Overview and Level Annotations

Branches:
Dungeon (4/15)
 Temple: D:4-7

Altars:


Message History

The phantom hits you. The ball python barely misses you.
The ball python closely misses you.
The phantom hits you but does no damage.
The kobold closely misses you.
You shoot a sling bullet.
The sling bullet barely misses the phantom.
The ball python bites you but does no damage.
The ball python grabs you. The ball python constricts you.
The kobold hits you but does no damage. The orc barely misses you.
The phantom hits you.
You shoot a sling bullet.
The sling bullet closely misses the ball python.
The ball python closely misses you. The ball python constricts you.
The kobold barely misses you. The orc hits you but does no damage.
The phantom barely misses you. The ball python completely misses you.
You furiously retaliate!
You headbutt the ball python!
You kill the ball python!
You shoot a sling bullet. The sling bullet misses the phantom.
The ufetubus barely misses you.
The ufetubus hits you but does no damage.
The kobold hits you with a +0 short sword.
The orc hits you with a +0 dagger. The phantom hits you.
The phantom blinks!
You blink.
The phantom hits you.
The phantom blinks!
You blink.
You shoot a sling bullet.
The sling bullet closely misses the phantom.
The sling bullet barely misses the iguana.
The sling bullet hits the orc.
You kill the orc!
The phantom hits you but does no damage.
You shoot a sling bullet.
The sling bullet closely misses the phantom.
The kobold closely misses you.
The phantom hits you but does no damage.
The ufetubus hits you.
The ufetubus hits you but does no damage.
You shoot a sling bullet. The sling bullet hits the phantom.
The phantom is almost destroyed.
The ufetubus hits you but does no damage. x2
The kobold hits you with a +0 short sword.
You die...

.. #. .. # ##.#####.#
............
#.^.#..<##.#
#.....##.#### .
#...@5...... ..
.....##KW#.#### .#
..#.###l.%...ยค#####)##.
.........)............
..######.###..)..)./.
#.# #.###.[)>##.. #.###
#.##..##.#
#...####....## .#
#.#.......### .


You could see a phantom, an iguana, an ufetubus and a kobold.

Vanquished Creatures
  A dart slug (D:1)
  5 orcs (D:4)
  4 bats (D:1)
  4 endoplasms (D:1)
  2 giant cockroaches (D:1)
  3 goblins (D:1)
  4 hobgoblins (D:1)
  4 jackals (D:1)
  3 kobolds (D:2)
  2 quokkas (D:1)
  6 ball pythons
  2 frilled lizards (D:1)
  5 rats
45 creatures vanquished.

Notes
Turn   | Place    | Note
-------+----------+-------------------------------------------
     0 | D:1      | qw the Minotaur Hexslinger began the quest for the Orb.
     0 | D:1      | Reached XP level 1. HP: 16/16 MP: 1/1
     0 | D:1      | 0 ||| qw: Version: 0.3-a-52-g30416fa
     0 | D:1      | 0 ||| qw: Game counter: 7509
     0 | D:1      | 0 ||| qw: Melee chars always use a shield: true
     0 | D:1      | 0 ||| qw: God list: Okawaru
     0 | D:1      | 0 ||| qw: Allow faded altars: false
     0 | D:1      | 0 ||| qw: Do Orc after clearing Dungeon:15 true
     0 | D:1      | 0 ||| qw: Do second Lair branch before Depths: true
     0 | D:1      | 0 ||| qw: Lair rune preference: random
     0 | D:1      | 0 ||| qw: Goals: Normal
     0 | D:1      | 0 ||| PLANNING D:1-11
    89 | D:1      | Reached skill level 3 in Ranged Weapons
    90 | D:1      | Reached XP level 2. HP: 23/23 MP: 2/2
   340 | D:1      | Reached XP level 3. HP: 29/29 MP: 3/3
   989 | D:1      | 989 ||| UPGRADING to +0 ring mail.
   999 | D:1      | 999 ||| DROPPING +0 robe.
  1000 | D:1      | 1000 ||| UPGRADING to +2 cloak.
  1005 | D:1      | 1005 ||| READING scroll labelled HESHROC YXINGIU.
  1006 | D:1      | 1006 ||| READING scroll labelled BUPNUJUXOE.
  1007 | D:1      | 1007 ||| READING scroll labelled BEUKHLOQIEST.
  1008 | D:1      | 1008 ||| DRINKING 2 metallic golden potions.
  1009 | D:1      | 1009 ||| DROPPING scroll of poison.
  1021 | D:2      | 1021 ||| STAIRDANCE
  1129 | D:2      | Reached skill level 4 in Ranged Weapons
  1190 | D:2      | You fall into a shaft and drop 2 floors!
  1241 | D:4      | Identified the +1 robe of the Morning {rC+}
  1242 | D:4      | Noticed a phantom
  1248 | D:4      | Reached skill level 1 in Armour
  1257 | D:4      | HP: 7/29 [orc/+0 dagger (2)]
  1257 | D:4      | HP: 3/29 [phantom (1)]
  1259 | D:4      | HP: 1/29 [ufetubus (3)]
  1260 | D:4      | Slain by a kobold

Levels and vault maps discovered:
D:1:      nicolae_arrival_memento_mori, layout_loops_corners
D:2:      layout_loops_ring, basic_altar
D:4:      layout_rooms, gammafunk_ghost_stat_death, minivault_4,
          guppyfry_early_lair_pool

Skill      XL: |  1  2  3 |
---------------+----------+-----
Ranged Weapons | 3 4 |  4.1
Fighting       | 2 |  2.0
Armour         | 1 |  1.1
Dodging        | |  2.1
Spellcasting   | |  1.0
Hexes          | |  2.0

Action                     || total
---------------------------++-------
   Fire: Sling             ||   119
    Use: Scroll            ||     3
         Potion            ||     1
 Armour: Robe              ||     3
         Ring mail         ||    15
  Dodge: Dodged            ||    40

Table legend:
 A = Non-vault XP
 B = Vault XP
 C = Vault XP percentage of total XP
 D = Non-vault monster count
 E = Vault monster count
 F = Vault count percentage of total count
                 A         B        C        D         E       F
            +---------+---------+-------+---------+---------+-------
      Total |      83 |       0 |   0.0 |      45 |       0 |   0.0
            +---------+---------+-------+---------+---------+-------
        D:1 |      56 |       0 |   0.0 |      33 |       0 |   0.0
        D:2 |       8 |       0 |   0.0 |       5 |       0 |   0.0
        D:4 |      19 |       0 |   0.0 |       7 |       0 |   0.0
            +---------+---------+-------+---------+---------+-------
